 Dungeon Crawl Stone Soup version 0.22-a0-617-g6d95e9e (webtiles) character file.

947 Hebeh the Conjurer (level 7, -16/36 HPs)
             Began as a Deep Elf Fire Elementalist on July 12, 2018.
             Killed from afar by an orc wizard (39 damage)
             ... with an exploding inner flame
             ... hexed by the player character
             ... on level 6 of the Dungeon.
             The game lasted 00:32:47 (7620 turns).

Hebeh the Conjurer (Deep Elf Fire Elementalist)     Turns: 7620, Time: 00:32:49

Health: -16/36     AC:  4    Str:  5    XL:     7   Next: 89%
Magic:  2/18       EV: 13    Int: 22    God:
Gold:   243        SH:  0    Dex: 15    Spells: 2/18 levels left

rFire    . . .     SeeInvis .   b - +1 hunting sling
rCold    . . .     Gourm    .   (no shield)
rNeg     . . .     Faith    .   y - +0 robe
rPois    +         Spirit   .   C - +0 helmet
rElec    .         Reflect  .   (no cloak)
rCorr    .         Harm     .   J - +0 pair of gloves
MR       .....                  (no boots)
Stlth    ++........             (no amulet)
HPRegen  0.12/turn              o - ring of poison resistance
MPRegen  0.16/turn              (no ring)

@: no status effects
A: no striking features
a: no special abilities


You were on level 6 of the Dungeon.
You were hungry.

You visited 1 branch of the dungeon, and saw 6 of its levels.
You also visited: Sewer.

You collected 393 gold pieces.
You spent 150 gold pieces at shops.

Inventory:

Hand Weapons
 a - a +2 dagger of electrocution
 b - a +1 hunting sling (weapon)
 x - a +0 spear
Missiles
 k - 7 tomahawks
 l - 80 bolts
 n - 167 stones
 p - 52 arrows
 A - 145 sling bullets (quivered)
Armour
 y - a +0 robe (worn)
 C - a +0 helmet (worn)
 J - a +0 pair of gloves (worn)
Jewellery
 o - a ring of poison resistance (left hand)
 D - a cursed ring of loudness {unknown}
Scrolls
 e - a scroll of remove curse
 f - 7 scrolls of teleportation
 g - a scroll of magic mapping
 i - 4 scrolls of fog
 j - 5 scrolls of identify
 r - a scroll of immolation {unknown}
 s - a scroll of amnesia {unknown}
 t - a scroll of blinking {unknown}
 E - a scroll of enchant armour {unknown}
 G - a scroll of random uselessness {unknown}
Potions
 d - 4 potions of curing
 h - 2 potions of haste
 m - 2 potions of agility {unknown}
 q - 3 potions of brilliance {unknown}
 u - 2 potions of magic
 v - 2 potions of lignification {unknown}
 w - a potion of berserk rage {unknown}
 z - a potion of heal wounds {unknown}
 B - 3 potions of might
 F - a potion of flight {unknown}
 H - a potion of cancellation {unknown}
Comestibles
 c - 11 rations
 I - a chunk of flesh


   Skills:
 - Level 2.4 Dodging
 - Level 2.4 Stealth
 + Level 6.1 Spellcasting
 * Level 6.4 Conjurations
 + Level 3.0 Hexes
 * Level 6.2 Fire Magic


You had 2 spell levels left.
You knew the following spells:

 Your Spells              Type           Power        Failure   Level  Hunger
a - Flame Tongue          Conj/Fire      ####.        1%          1    None
b - Throw Flame           Conj/Fire      ####..       1%          2    None
c - Conjure Flame         Conj/Fire      ####....     1%          3    #......
d - Inner Flame           Hex/Fire       ####....     4%          3    #......
e - Confuse               Hex            ###.....     8%          3    #......
f - Sticky Flame          Conj/Fire      ####....     7%          4    ###....

Your spell library contained the following spells:

 Spells                   Type           Power        Failure   Level  Hunger
 Fireball                 Conj/Fire      ####......   19%         5    #####..
 Confusing Touch          Hex            ###...       2%          1    None
 Metabolic Englaciation   Hex/Ice        ##........   80%         5    #####..
 Petrify                  Tmut/Erth      #.......     65%         4    ###....
 Gell's Gravitas          Tloc           #.........   26%         3    #......
 Yara's Violent Unravell  Hex/Tmut       ##........   80%         5    #####..


Dungeon Overview and Level Annotations

Branches:
Dungeon (6/15)
 Temple: D:4-7

Altars:
Ashenzari
Dithmenos
Gozag
Kikubaaqudgha
Nemelex Xobeh
Ru
Trog
Uskayaw
Wu Jian
Xom
Yredelemnul

Shops:
D:5 ?   D:6 (

Annotations:
D:3 2 transporters, Menkaure


Message History

The orc wizard is severely wounded.
The orc wizard points at you and mumbles some strange words.
The puff of frost hits you!
Casting: Flame Tongue (safe; 1% risk of failure)
Confirm with . or Enter, or press ? or * to list all spells.
Aiming: Flame Tongue (safe; 1% risk of failure)
Press: ? - help, Shift-Dir - straight line, f/p - orc wizard
Aim: an orc wizard, wielding an enchanted dagger and wearing a robe (severely wounded, inner flame)
The flame tongue hits the orc.
You kill the orc!
Casting: Flame Tongue (safe; 1% risk of failure)
Confirm with . or Enter, or press ? or * to list all spells.
Aiming: Flame Tongue (safe; 1% risk of failure)
Press: ? - help, Shift-Dir - straight line, f/p - orc wizard
Aim: an orc wizard, wielding an enchanted dagger and wearing a robe (severely wounded, inner flame)
The flame tongue hits the orc wizard.
The orc wizard explodes!
The fiery explosion engulfs you!
Ouch! That really hurt!
You die...

*,**
*,,,,,,**,,***,** ***
**,.....#,,,* #,,*
**,,..#..*.,,* #.,*
##,,,....,..,** ##.#
##.,**...#...,* *#...
#..***.......,**#..##
#..##*.......,,,,,**
*#..##o......,,,,**
*#.@§§.∩....,,,**
#.####.....,,,** #.#
*..###***.#** #.#
*#.#* **...#*
##.###..# *,.....
***#...##..# *,,#...
#.##...##.#* *,,*#..
*#.........## *,,*##.
**#..#####....###
*..# ##


You could see an orc.

Vanquished Creatures
  An ogre (D:6)
  A crocodile (Sewer)
  2 howler monkeys
  6 orc priests
  5 orc wizards
  Jessica (D:3)
  2 iguanas
  3 worker ants
  2 hound zombies
  2 howler monkey zombies (D:5)
  A worker ant zombie (D:5)
  3 adders
  A gnoll (D:1)
  A river rat (D:3)
  An ooze (D:6)
  An adder zombie (D:5)
  An adder skeleton (D:6)
  4 worms
  4 dart slugs
  4 leopard geckos
  13 orcs
  7 giant cockroaches
  7 goblins
  3 hobgoblins
  9 jackals
  A quokka (D:3)
  A ball python (D:3)
  8 bats
  5 frilled lizards
  A giant cockroach zombie (D:6)
  A jackal skeleton (D:5)
  10 kobolds
  10 rats
122 creatures vanquished.

Notes
Turn   | Place    | Note
-------+----------+-------------------------------------------
     0 | D:1      | Hebeh the Deep Elf Fire Elementalist began the quest for the Orb.
     0 | D:1      | Reached XP level 1. HP: 10/10 MP: 6/6
    53 | D:1      | Reached XP level 2. HP: 15/15 MP: 0/8
   618 | D:1      | Reached XP level 3. HP: 19/19 MP: 7/10
   736 | D:1      | Found a sparkling altar of Nemelex Xobeh.
  1715 | D:2      | Found a shattered altar of Ashenzari.
  2411 | D:3      | Reached XP level 4. HP: 8/24 MP: 7/11
  2620 | D:3      | Found a transporter.
  2620 | D:3      | Noticed a hungry ghost
  2683 | D:3      | Found a transporter.
  2703 | D:3      | Found a glowing drain.
  2707 | Sewer    | Entered a sewer
  2712 | Sewer    | Learned a level 2 spell: Throw Flame
  2716 | Sewer    | Learned a level 3 spell: Conjure Flame
  2914 | Sewer    | Noticed a crocodile
  2922 | Sewer    | Killed a crocodile
  2922 | Sewer    | Reached XP level 5. HP: 18/28 MP: 7/13
  3268 | D:3      | Found an ancient bone altar of Kikubaaqudgha.
  3269 | D:3      | Noticed Menkaure
  3270 | D:3      | Found a basalt altar of Yredelemnul.
  3329 | D:3      | Noticed Jessica
  3333 | D:3      | Killed Jessica
  3463 | D:3      | Reached skill level 5 in Spellcasting
  3463 | D:3      | Reached XP level 6. HP: 32/32 MP: 3/15
  3569 | D:3      | Reached skill level 5 in Conjurations
  3896 | D:3      | Found a shimmering altar of Xom.
  4141 | D:3      | Found a hide-covered altar of Uskayaw.
  4141 | D:3      | Found a bloodstained altar of Trog.
  4146 | D:3      | Found a shadowy altar of Dithmenos.
  4148 | D:3      | Found a sacrificial altar of Ru.
  4149 | D:3      | Found a faded altar of an unknown god.
  4337 | D:4      | Learned a level 3 spell: Inner Flame
  4422 | D:4      | Reached skill level 5 in Fire Magic
  4751 | D:4      | Reached skill level 1 in Hexes
  4828 | D:4      | Reached XP level 7. HP: 29/36 MP: 1/17
  5314 | D:5      | Entered Level 5 of the Dungeon
  5320 | D:5      | Found Jeofac's Magic Scroll Emporium.
  5333 | D:5      | Bought a scroll of identify for 30 gold pieces
  5333 | D:5      | Bought a scroll of identify for 30 gold pieces
  5333 | D:5      | Bought a scroll of teleportation for 45 gold pieces
  5333 | D:5      | Bought a scroll of teleportation for 45 gold pieces
  5416 | D:5      | Learned a level 3 spell: Confuse
  5421 | D:5      | Learned a level 4 spell: Sticky Flame
  6303 | D:5      | Found an opulent altar of Gozag.
  6498 | D:6      | Found an ornate altar of the Wu Jian Council.
  7608 | D:6      | Found Niugosen's Weapon Emporium.
  7620 | D:6      | Killed from afar by an orc wizard

Vault maps used:
D:1:      enne_arrival_octagon_isle, nemelex_diamond_rough_becter
D:2:      ashenzari_conservatory_becter, first_ration, minmay_crystal_room,
          kennysheep_generic_room_7
D:3:      gammafunk_temple_of_torment, old_standard_altar,
          chequers_temple_overflow_minitemple, gup_sewer_entry_bowl,
          minmay_misc_feat_ornament, uniq_jessica
D:4:      serial_glass, glass_columns_c, glass_columns_a
D:5:      marbit_many_paths, serial_shops, shop_scrolls
D:6:      kennysheep_mini_moat, serial_shops, shop, small_statue_intersection,
          grunt_ministairs_2
Sewer:    sewer_the_crocodile

Skill      XL: |  1  2  3  4  5  6  7 |
---------------+----------------------+-----
Conjurations   | 2 3 4 5 6 |  6.4
Spellcasting   | 4 5 6 |  6.1
Fire Magic     | 4 5 6 |  6.2
Hexes          | 1 3 |  3.0
Dodging        | |  2.4
Stealth        | |  2.4

Action                   |  1- 3 |  4- 6 |  7- 9 || total
-------------------------+-------+-------+-------++-------
Melee: Dagger            |       |    11 |       ||    11
 Fire: Hunting sling     |    12 |    41 |       ||    53
Throw: Stone             |    28 |       |       ||    28
 Cast: Flame Tongue      |    59 |    90 |    62 ||   211
       Throw Flame       |       |     7 |    31 ||    38
       Conjure Flame     |       |     2 |       ||     2
       Inner Flame       |       |     2 |     2 ||     4
       Confuse           |       |       |     3 ||     3
  Use: Scroll            |     5 |     1 |     8 ||    14
  Eat: Chunk             |     4 |     5 |     4 ||    13
       Ration            |       |     1 |     1 ||     2
Armor: Robe              |     2 |    10 |       ||    12
Dodge: Dodged            |     9 |    35 |     9 ||    53

Table legend:
 A = Spawn XP
 B = Non-spawn XP
 C = Spawn XP percentage of total XP
 D = Spawn monster count
 E = Non-spawn monster count
 F = Spawn count percentage of total count
 G = Total turns spent on level
                    A         B        C        D         E        F      G
               +---------+---------+-------+---------+---------+-------+---------
         Total |       0 |    1354 |   0.0 |       0 |     122 |   0.0 |  7620
               +---------+---------+-------+---------+---------+-------+---------
           D:1 |       0 |      42 |   0.0 |       0 |      17 |   0.0 |   872
           D:2 |       0 |      31 |   0.0 |       0 |      14 |   0.0 |  1346
           D:3 |       0 |     288 |   0.0 |       0 |      40 |   0.0 |  1666
           D:4 |       0 |     260 |   0.0 |       0 |      12 |   0.0 |  1050
           D:5 |       0 |     173 |   0.0 |       0 |      12 |   0.0 |  1131
           D:6 |       0 |     445 |   0.0 |       0 |      21 |   0.0 |  1175
         Sewer |       0 |     115 |   0.0 |       0 |       6 |   0.0 |   380
               +---------+---------+-------+---------+---------+-------+---------
